 Dungeon Crawl Stone Soup version 0.22.0-27-ga576289601 (webtiles) character file.

109 Freyura the Ducker (level 4, 0/23 HPs)
             Began as a Felid Monk on Aug 23, 2018.
             Slain by a centaur skeleton (7 damage)
             ... on level 4 of the Dungeon.
             The game lasted 00:11:40 (3334 turns).

Freyura the Ducker (Felid Monk)                     Turns: 3334, Time: 00:11:41

Health: 0/23       AC:  1    Str:  7    XL:     4   Next: 60%
Magic:  5/5        EV: 21    Int: 13    God:
Gold:   116        SH:  4    Dex: 19    Spells: 3/3 levels left
                                        Lives:  0   Deaths: 1

rFire    . . .     SeeInvis +     - Unarmed
rCold    . . .     Gourm    .   (shield unavailable)
rNeg     . . .     Faith    .   (armour unavailable)
rPois    +         Spirit   .   (helmet unavailable)
rElec    .         Reflect  +   (cloak unavailable)
rCorr    .         Harm     .   (gloves unavailable)
MR       .....                  (boots unavailable)
Stlth    +++.......             h - +4 amulet of reflection
HPRegen  0.07/turn              (no ring)
MPRegen  0.09/turn              (no ring)

@: quick
A: very small, no armour, no weapons or thrown items, stealth, claws 1, fangs 3,
see invisible, carnivore, clever 1, speed 1, poison resistance, robust 1,
screaming 1, shaggy fur 1, slow metabolism 1, sharp paws
a: no special abilities


You were on level 4 of the Dungeon.
You were very full.

You visited 1 branch of the dungeon, and saw 4 of its levels.

You collected 116 gold pieces.

Inventory:

Jewellery
 g - an uncursed amulet of the gourmand {unknown}
 h - a +4 amulet of reflection (around neck)
Wands
 d - a wand of iceblast (11)
Scrolls
 b - 2 scrolls of teleportation
 e - a scroll of blinking {unknown}
 f - a scroll of identify {unknown}
 i - a scroll of fear {unknown}
Comestibles
 a - 6 rations
 c - 2 chunks of flesh


   Skills:
 + Level 3.4 Fighting
 + Level 5.4 Dodging
 + Level 4.0 Stealth
 + Level 4.2 Unarmed Combat


You had 3 spell levels left.
You didn't know any spells.
Your spell library was empty.

Dungeon Overview and Level Annotations

Branches:
Dungeon (4/15)
 Temple: D:4-7

Altars:
Makhleb


Innate Abilities, Weirdness & Mutations

You cannot wear armour.
You are incapable of wielding weapons or throwing items.
Your paws allow you to move quietly. (Stealth)
You have sharp claws.
You have razor-sharp teeth.
You have supernaturally acute eyesight. (SInv)
You are carnivorous and can eat meat at any time.
You cover ground quickly.
You are covered in fur. (AC +1)
You have a slow metabolism.
Your sharp claws are effective at attacking unaware monsters.
Your mind is acute. (Int +2)
Your system is resistant to poisons. (rPois)
You are robust. (+10% HP)
You occasionally shout uncontrollably at your foes.


Message History

The centaur skeleton is moderately damaged.
The centaur skeleton barely misses you.
The centaur skeleton completely misses you.
You scratch the centaur skeleton.
The centaur skeleton is heavily damaged.
The centaur skeleton hits you.
You scratch the centaur skeleton.
The centaur skeleton is severely damaged.
The centaur skeleton completely misses you.
An ogre comes into view. It is wielding a giant spiked club.
You scratch the centaur skeleton.
The centaur skeleton is severely damaged.
The centaur skeleton barely misses you.
You scratch the centaur skeleton. You bite the centaur skeleton.
The centaur skeleton is almost destroyed.
The centaur skeleton completely misses you.
You scratch the centaur skeleton.
The centaur skeleton is almost destroyed.
The centaur skeleton hits you!
You die...

#.#
#.#
#.#
...
#.#
#O#
#<#
#.#
#@#
#Z#
#..
..!.
##.##
.# ..
##


You could see an ogre and a centaur skeleton.

Vanquished Creatures
  Terence (D:2)
  5 adders
  An ooze (D:1)
  2 worms (D:2)
  A dart slug (D:3)
  2 orcs (D:3)
  A giant cockroach (D:1)
  9 goblins
  10 hobgoblins
  3 jackals (D:3)
  8 kobolds
  3 quokkas
  10 bats
  7 frilled lizards
  6 rats
69 creatures vanquished.

Notes
Turn   | Place    | Note
-------+----------+-------------------------------------------
     0 | D:1      | Freyura the Felid Monk began the quest for the Orb.
     0 | D:1      | Reached XP level 1. HP: 10/10 MP: 2/2
   171 | D:1      | Reached XP level 2. HP: 11/14 MP: 3/3
  1042 | D:2      | Reached XP level 3. HP: 17/17 MP: 4/4
  1687 | D:2      | Reached XP level 4. HP: 21/21 MP: 5/5
  1797 | D:2      | Noticed Terence
  1807 | D:2      | HP: 1/21 [Terence/mace (6)]
  1807 | D:2      | Slain by an adder
  1808 | D:2      | Reached XP level 3. HP: 0/17 MP: 4/4
  1992 | D:2      | Killed Terence
  1992 | D:2      | Reached skill level 5 in Dodging
  2507 | D:3      | Reached XP level 4. HP: 8/21 MP: 5/5
  2513 | D:3      | Gained mutation: You have a pair of small horns on your head. [potion of mutation]
  2513 | D:3      | Gained mutation: You are resistant to hostile enchantments. (MR+) [potion of mutation]
  2513 | D:3      | Gained mutation: You are partially covered in molten scales. (AC +2) [potion of mutation]
  2520 | D:3      | HP: 1/21 [poisoned by an adder]
  3126 | D:3      | Found a burning altar of Makhleb.
  3296 | D:3      | Lost mutation: You have a pair of small horns on your head. [potion of mutation]
  3296 | D:3      | Lost mutation: You are partially covered in molten scales. (AC +2) [potion of mutation]
  3296 | D:3      | Lost mutation: You are resistant to hostile enchantments. (MR+) [potion of mutation]
  3296 | D:3      | Gained mutation: Your system is resistant to poisons. (rPois) [potion of mutation]
  3296 | D:3      | Gained mutation: You occasionally shout uncontrollably at your foes. [potion of mutation]
  3296 | D:3      | Gained mutation: You are robust. (+10% HP) [potion of mutation]
  3296 | D:3      | Gained mutation: Your mind is acute. (Int +2) [potion of mutation]
  3331 | D:4      | Noticed an ogre
  3334 | D:4      | Slain by a centaur skeleton

Skill      XL: |  1  2  3  4 |
---------------+-------------+-----
Stealth        | 3 4 |  4.0
Dodging        | 5 |  5.4
Unarmed Combat | 4 |  4.2
Fighting       | |  3.4

Action                   |  1- 3 |  4- 6 || total
-------------------------+-------+-------++-------
Melee: Unarmed           |   147 |    67 ||   214
       Bite              |    15 |     9 ||    24
       Punch             |     2 |     2 ||     4
       Headbutt          |       |     4 ||     4
  Use: Scroll            |     7 |       ||     7
       Potion            |       |     5 ||     5
 Stab: Sleeping          |     8 |     4 ||    12
  Eat: Chunk             |    11 |     6 ||    17
Armor: Skin              |     6 |     2 ||     8
Dodge: Dodged            |   140 |    42 ||   182
Block: Other             |     2 |     6 ||     8
       Reflection        |       |     1 ||     1
